Map: Nightshade LE

Players

kfhdngxkhvj

  • Race: Terran Terran
  • Spawn Location: 11:00

JohnnyV - Winner!

  • Race: Terran Terran
  • League: Silver
  • Spawn Location: 5:00

VOD

Have the link to the VOD?

Description

Time

  • Played on: May 5, 2020, 5:55 p.m.
  • Length: 11:06
Show
View Real Time Build Order
Export as new Build Order

kfhdngxkhvj Terran 

Build Orders:  

Get SALT Encoding   

  12  0:15  Supply Depot  
  12  0:18  Refinery  
  12  0:30  Supply Depot  
  12  1:00  Barracks  
  12  1:57  Barracks Reactor  
  12  1:58  Supply Depot  
  12  2:35  Marine x2  
  14  2:53  Marine x2  
  16  3:11  Marine x2  
  17  3:29  Marine  
  18  3:44  Factory  
  18  3:59  Command Center  
  18  4:01  Marine x2  
  20  4:18  Marine  
  20  4:19  Marine  
  22  4:34  Starport, Factory Tech Lab  
  22  4:36  Marine  
  22  4:37  Marine  
  24  4:54  Marine  
  24  4:55  Marine  
  24  4:59  Cyclone  
  28  5:15  Starport Tech Lab  
  28  5:28  Fusion Core  
  28  5:54  SCV  
  29  6:06  SCV  
  29  6:07  Siege Tank  
  33  6:43  Raven  
  35  7:21  Siege Tank  
  38  7:33  Refinery  
  38  7:42  Refinery  
  38  7:44  SCV  
  39  7:56  SCV  
  40  8:06  Refinery  
  40  8:08  SCV  
  41  8:20  SCV  
  42  8:30  Orbital Command  
  42  8:32  SCV  
  43  8:35  Weapon Refit  
  43  8:44  SCV  
  44  8:50  Supply Depot  
  44  8:56  SCV  
  43  9:18  Supply Depot  
  22  10:20  SCV  
  23  10:32  SCV  
  24  10:44  SCV  
Show
View Real Time Build Order
Export as new Build Order

JohnnyV Terran - Winner!

Build Orders: Gas First Reaper Expand, Liberator Opening 

Get SALT Encoding   

  12  0:01  SCV  
  13  0:17  SCV, Supply Depot  
  14  0:26  Refinery  
  14  0:31  SCV  
  15  0:41  Barracks  
  15  0:46  SCV  
  16  0:58  SCV  
  17  1:06  Refinery  
  17  1:11  SCV  
  18  1:36  Orbital Command  
  18  1:39  Reaper  
  19  1:52  Factory  
  19  2:13  Supply Depot  
  19  2:30  Command Center  
  19  2:36  Barracks Tech Lab  
  19  2:40  Factory Reactor  
  19  2:46  Starport  
  18  3:01  Bunker  
  18  3:03  SCV  
  19  3:15  SCV  
  20  3:28  Marine  
  20  3:31  Liberator  
  24  3:38  SCV  
  25  3:46  Marine  
  25  3:47  Orbital Command  
  26  3:52  Widow Mine  
  26  3:55  Widow Mine  
  30  4:16  Engineering Bay  
  30  4:28  SCV x2  
  32  4:40  Barracks  
  32  5:06  SCV x2  
  33  5:08  Marine x2  
  33  5:10  Siege Tank  
  33  5:14  Starport Tech Lab  
  38  5:29  Marine x2  
  40  5:36  Raven  
  40  5:39  Supply Depot  
  42  5:44  Supply Depot  
  39  5:52  Barracks Reactor  
  39  5:54  Barracks Tech Lab  
  39  6:03  Missile Turret  
  39  6:05  Missile Turret  
  39  6:11  Missile Turret  
  39  6:16  SCV x2  
  39  6:17  Missile Turret x2  
  41  6:25  Fusion Core  
  41  6:27  Concussive Shells  
  41  6:28  Missile Turret  
  41  6:30  Missile Turret  
  41  6:32  SCV x2  
  43  6:39  Terran Infantry Armor Level 1  
  43  6:44  Marine x3  
  46  6:53  Siege Tank  
  49  7:04  Marine x2  
  49  7:05  Marine  
  54  7:09  Combat Shield  
  54  7:12  SCV x2  
  56  7:17  Refinery  
  56  7:22  Battlecruiser, Marine  
  61  7:30  Supply Depot  
  61  7:35  Supply Depot  
  61  7:36  Weapon Refit  
  61  7:37  Marine x2  
  61  7:38  Siege Tank  
  66  7:55  SCV x2  
  66  7:57  Refinery  
  68  8:05  Missile Turret  
  68  8:06  Missile Turret  
  68  8:07  SCV  
  69  8:14  SCV, Missile Turret x2  
  69  8:16  Marine x2  
  69  8:17  Marauder  
  69  8:18  Siege Tank  
  69  8:19  SCV  
  78  8:29  Starport  
  78  8:32  Supply Depot  
  78  8:37  SCV x2  
  78  8:38  Marauder  
  82  8:49  Sensor Tower  
  82  8:58  Sensor Tower  
  82  9:04  Marine x2  
  84  9:20  Battlecruiser  
  84  9:22  Starport Tech Lab  
  90  9:26  Marine x3  
  93  9:43  Marine  
  94  10:15  Siege Tank  
Tags
 
Add a new tag
Caveats
  • Supply blocks, unpowered buildings, or Contaminate may cause inaccurate times.
  • Supply counts are checked every 10 seconds.